 Dungeon Crawl Stone Soup version 0.31-a0-204-g7da18cac08 (webtiles) character file.

Game seed: 8516135005388659961

532 qw the Skirmisher (level 7, -6/40 HPs)
             Began as a Deep Elf Hunter on June 27, 2023.
             Mangled by a killer bee (7 damage)
             ... on level 7 of the Dungeon.
             The game lasted 00:00:59 (2891 turns).

qw the Skirmisher (Deep Elf Hunter)                 Turns: 2891, Time: 00:00:59

Health: -6/40      AC:  8    Str: 10    XL:     7   Next: 4%
Magic:  9/9        EV: 11    Int: 14    God:
Gold:   247        SH:  0    Dex: 18    Spells: 6/6 levels left

rFire   . . .        i - +0 shortbow (heavy)
rCold   . . .        (shield currently unavailable)
rNeg    . . .        b - +0 ring mail
rPois   .            l - +1 helmet
rElec   .            (no cloak)
rCorr   .            (no gloves)
SInv    .            h - +0 pair of boots
Will    .....        (no amulet)
Stlth   +            (no ring)
HPRegen 0.26/turn    (no ring)
MPRegen 0.11/turn

%: no passive effects
@: lethally poisoned (-6 -> -9)
A: no striking features
a: no special abilities


You were on level 7 of the Dungeon.
You visited 1 branch of the dungeon, and saw 5 of its levels.

You collected 247 gold pieces.


   Skills:
 - Level 2.1 Fighting
 - Level 10.4 Ranged Weapons
 - Level 1.5 Armour
 + Level 2.4 Dodging
 - Level 1.2 Stealth


You had 6 spell levels left.
You didn't know any spells.
Your spell library was empty.

Inventory:

Hand Weapons
 i - a +0 heavy shortbow (weapon)
Armour
 b - a +0 ring mail (worn)
 h - a +0 pair of boots (worn)
 l - a +1 helmet (worn)
Scrolls
 a - a scroll of identify
 g - 3 scrolls of poison {unknown}
Potions
 c - a potion of enlightenment
 d - a potion of invisibility {unknown}
 e - a potion of might {unknown}
 f - a potion of curing {unknown}
 j - a potion of lignification {unknown}
 k - a potion of mutation {unknown}

Dungeon Overview and Level Annotations

Branches:
Dungeon (7/15)
 Temple: D:4-7

Altars:
Qazlal


Message History

The arrow closely misses the killer bee.
The killer bee buzzes angrily.
The killer bee stings you but does no damage.
The killer bee closely misses you. x2
You shoot an arrow. The arrow barely misses the killer bee.
The arrow hits the killer bee.
The killer bee is moderately wounded.
The killer bee stings you but does no damage.
You shoot an arrow. The arrow barely misses the killer bee.
The arrow hits the killer bee!
The killer bee is severely wounded.
The killer bee completely misses you. The killer bee barely misses you.
The killer bee completely misses you. The killer bee barely misses you.
You shoot an arrow. The arrow barely misses the killer bee.
The killer bee stings you! The killer bee barely misses you.
The killer bee stings you! The killer bee stings you.
The killer bee closely misses you.
The killer bee stings you but does no damage.
The killer bee stings you.
The killer bee stings you but does no damage.
The killer bee closely misses you.
You shoot an arrow. The arrow misses the killer bee.
The killer bee stings you but does no damage. x3
The killer bee stings you.
You are poisoned.
The killer bee poisons you! The killer bee barely misses you.
The killer bee stings you. The killer bee misses you. x2
The killer bee barely misses you.
You shoot an arrow. The arrow misses the killer bee.
You feel very sick.
The killer bee misses you. x2; The killer bee barely misses you. x2
The killer bee misses you. The killer bee closely misses you.
The killer bee completely misses you. The killer bee stings you!
The killer bee stings you but does no damage.
You shoot an arrow. The arrow hits the killer bee.
You kill the killer bee!
You feel sick. The killer bee misses you.
The killer bee stings you but does no damage. x2
The killer bee stings you!
You die...

##.###....####.......#..#
#.. #.............###..#
#. ##..###...#...# ....#
. #..###..###. .......
#..##..## # .###...
#..##.## .. #... #.....#
#. ##.. #..#....## .
#....y@y# . ...####.## .
.. #.. . ##.. . ... .
.... ..... #.....


You could see 2 killer bees.

Vanquished Creatures
  A sky beast (D:7)
  An ogre (D:4)
  2 bullfrogs (D:7)
  A scorpion (D:4)
  A killer bee (D:7)
  An orc priest (D:4)
  Jessica (D:2)
  Ijyb (D:3)
  An adder (D:3)
  2 worms
  3 dart slugs
  8 orcs
  3 endoplasms
  3 giant cockroaches (D:2)
  4 hobgoblins
  4 kobolds
  5 quokkas
  8 ball pythons
  6 bats
  4 frilled lizards
  6 goblins
  A rat (D:1)
67 creatures vanquished.

Notes
Turn   | Place    | Note
-------+----------+-------------------------------------------
     0 | D:1      | qw the Deep Elf Hunter began the quest for the Orb.
     0 | D:1      | Reached XP level 1. HP: 12/12 MP: 3/3
     0 | D:1      | 0 ||| qw: Version: 0.3-a-22-g0ed2b0b
     0 | D:1      | 0 ||| qw: Game counter: 6518
     0 | D:1      | 0 ||| qw: Melee chars always use a shield: true
     0 | D:1      | 0 ||| qw: God list: Okawaru
     0 | D:1      | 0 ||| qw: Allow faded altars: false
     0 | D:1      | 0 ||| qw: Do Orc after clearing Dungeon:15 true
     0 | D:1      | 0 ||| qw: Do second Lair branch before Depths: true
     0 | D:1      | 0 ||| qw: Lair rune preference: random
     0 | D:1      | 0 ||| qw: Goals: Normal
     0 | D:1      | 0 ||| PLANNING D:1-11
   135 | D:1      | Found a faded altar of an unknown god.
   389 | D:1      | 389 ||| UPGRADING to +0 scale mail.
   401 | D:1      | Reached XP level 2. HP: 15/16 MP: 4/4
   402 | D:1      | 402 ||| DROPPING +0 leather armour.
   403 | D:1      | 403 ||| UPGRADING to +0 helmet.
   433 | D:1      | Reached skill level 6 in Ranged Weapons
   533 | D:1      | 533 ||| READING 2 scrolls labelled ABBIN MIWN.
   534 | D:1      | 534 ||| READING scroll labelled REL OMAG TUP.
   535 | D:1      | 535 ||| READING scroll labelled PAPLOS UXZOCU.
   536 | D:1      | 536 ||| READING scroll labelled MUOFISAVOSM.
   537 | D:1      | 537 ||| DROPPING scroll of butterflies.
   775 | D:2      | Noticed Jessica
   777 | D:2      | Killed Jessica
   778 | D:2      | Reached skill level 7 in Ranged Weapons
   778 | D:2      | Reached XP level 3. HP: 18/20 MP: 5/5
   931 | D:2      | 931 ||| FLEEEEING.
  1480 | D:2      | 1480 ||| UPGRADING to +0 ring mail.
  1490 | D:2      | 1490 ||| DROPPING +0 scale mail.
  1491 | D:2      | 1491 ||| READING scroll labelled SISIWK ZAKIR.
  1578 | D:3      | Reached XP level 4. HP: 25/25 MP: 6/6
  1822 | D:3      | Noticed Ijyb
  1826 | D:3      | Killed Ijyb
  1997 | D:3      | Reached skill level 8 in Ranged Weapons
  2049 | D:3      | Found a stormy altar of Qazlal.
  2156 | D:3      | 2156 ||| UPGRADING to +0 pair of boots.
  2161 | D:3      | 2161 ||| READING scroll labelled GELEB QURHANLI.
  2162 | D:3      | 2162 ||| READING scroll labelled BUMAMA ENISA.
  2208 | D:3      | 2208 ||| READING 2 scrolls of identify.
  2208 | D:3      | 2208 ||| IDENTIFYING murky puce potion
  2257 | D:4      | 2257 ||| READING scroll of enchant armour.
  2257 | D:4      | 2257 ||| ENCHANTING +0 helmet.
  2266 | D:4      | Noticed a scorpion
  2272 | D:4      | Killed a scorpion
  2273 | D:4      | Reached XP level 5. HP: 28/29 MP: 7/7
  2279 | D:4      | Noticed an ogre
  2283 | D:4      | Killed an ogre
  2284 | D:4      | Reached skill level 9 in Ranged Weapons
  2363 | D:4      | Reached XP level 6. HP: 35/35 MP: 8/8
  2583 | D:4      | You fall into a shaft and drop 3 floors!
  2590 | D:7      | Reached skill level 1 in Armour
  2706 | D:7      | Noticed a sky beast
  2718 | D:7      | Killed a sky beast
  2719 | D:7      | Reached skill level 10 in Ranged Weapons
  2719 | D:7      | Reached XP level 7. HP: 13/40 MP: 9/9
  2890 | D:7      | HP: 10/40 [poisoned by a killer bee]
  2890 | D:7      | HP: 3/40 [killer bee (7)]
  2891 | D:7      | HP: 1/40 [poisoned by a killer bee]
  2891 | D:7      | Mangled by a killer bee

Levels and vault maps discovered:
D:1:      ncdulo_wetmaze, layout_rooms, basic_ecumenical_altar,
          serial_bayou_lagoon_b
D:2:      layout_basic, uniq_jessica
D:3:      layout_loops_cross, mainiacjoe_overflow_surrounded_room, uniq_ijyb
D:4:      cheibrodos_pilgrimage, layout_cave_pools, hex_medium,
          minmay_statues_item
D:7:      layout_layer_cave, nicolae_ashenzari_skybound,
          biasface_ghost_orc_armoury

Skill      XL: |  1  2  3  4  5  6 |
---------------+-------------------+-----
Ranged Weapons | 7 8 9 10 | 10.4
Fighting       | 2 |  2.1
Armour         | 1 |  1.5
Dodging        | |  2.4
Stealth        | |  1.2

Action                     |  1- 3 |  4- 6 |  7- 9 || total
---------------------------+-------+-------+-------++-------
   Fire: Shortbow          |    69 |    99 |     9 ||   177
    Use: Scroll            |     5 |     4 |       ||     9
 Armour: Leather armour    |     1 |       |       ||     1
         Scale mail        |    10 |       |       ||    10
         Ring mail         |       |    28 |    11 ||    39
  Dodge: Dodged            |     9 |    24 |    22 ||    55

Table legend:
 A = Non-vault XP
 B = Vault XP
 C = Vault XP percentage of total XP
 D = Non-vault monster count
 E = Vault monster count
 F = Vault count percentage of total count
                 A         B        C        D         E       F
            +---------+---------+-------+---------+---------+-------
      Total |     695 |     132 |  16.0 |      58 |       9 |  13.4
            +---------+---------+-------+---------+---------+-------
        D:1 |      16 |       0 |   0.0 |      12 |       0 |   0.0
        D:2 |      36 |      37 |  50.7 |      17 |       1 |   5.6
        D:3 |      40 |      36 |  47.4 |      15 |       1 |   6.2
        D:4 |     218 |      59 |  21.3 |      10 |       7 |  41.2
        D:7 |     385 |       0 |   0.0 |       4 |       0 |   0.0
            +---------+---------+-------+---------+---------+-------
